General information
- name: BNet
- type: Ladder 1vs1/FFA
- host: Battle.net
- saver: lilyachty
map: TwistedMeadows
- players: 2
- length: 15:49
- speed: Fast
- version: 1.30 W3XP
- replay type: Public
» download(108 KB)
Players
team 1 (winner)
lilyachty (
pink | 202 APM | 3205 actions | 15:49)
4 Far Seer
2 Feral Spirit
2 Chain Lighting
3 Shadow Hunter
2 Hex
1 Healing Wave
1 Tauren Chieftain
1 War Stomp
» actions
| Assign group hotkey | 34 | |
| Basic commands | 147 | |
| Build / train | 50 | |
| ESC pressed | 5 | |
| Enter build submenu | 17 | |
| Enter hero's abilities submenu | 8 | |
| Right click | 1388 | |
| Select / deselect | 576 | |
| Select group hotkey | 865 | |
| Use ability | 115 | |
3205 total
» units
| Peon | 7 | |
| Grunt | 2 | |
| Troll Headhunter/Berserker | 12 | |
| Troll Batrider | 1 | |
| Kodo Beast | 2 | |
24 total
» upgrades
| Armor | 1 | |
| Troll Regeneration | 1 | |
| Berserker Upgrade | 1 | |
| Ranged Weapons | 2 | |
5 total
» buildings
| Altar of Storms | 1 | |
| Orc Burrow | 5 | |
| Barracks | 1 | |
| Voodoo Lounge | 7 | |
| War Mill | 1 | |
| Stronghold | 1 | |
| Fortress | 1 | |
| Beastiary | 1 | |
| Great Hall | 1 | |
19 total
» build order
00:03 Altar of Storms
00:06 Orc Burrow
00:25 Barracks
01:43 Orc Burrow
01:57 Voodoo Lounge
02:28 War Mill
02:39 Voodoo Lounge
03:14 Voodoo Lounge
03:22 Voodoo Lounge
03:54 Voodoo Lounge
04:09 Stronghold
04:35 Orc Burrow
05:07 Voodoo Lounge
05:58 Voodoo Lounge
07:38 Fortress
08:01 Orc Burrow
08:05 Beastiary
13:00 Orc Burrow
13:24 Great Hall
» items
| Healing Salve | 2 | |
| Lesser Clarity Potion | 4 | |
| Scroll of Speed | 1 | |
| Scroll of Town Portal | 1 | |
8 total
team 2 (loser)
IIIuminati (
teal | 80 APM | 1270 actions | 15:49)
3 Blademaster
1 Wind Walk
2 Mirror Image
3 Shadow Hunter
1 Hex
1 Healing Wave
1 Serpent Ward
» actions
| Assign group hotkey | 46 | |
| Build / train | 74 | |
| Enter build submenu | 13 | |
| Enter hero's abilities submenu | 6 | |
| Give item / drop item | 3 | |
| Right click | 626 | |
| Select / deselect | 355 | |
| Select group hotkey | 30 | |
| Use ability | 117 | |
1270 total
» units
| Peon | 10 | |
| Grunt | 7 | |
| Raider | 9 | |
| Spirit Walker | 2 | |
| Kodo Beast | 1 | |
| Forest Troll Berserker | 1 | |
30 total
» upgrades
| Ensnare | 1 | |
| Spirit Walker Training | 1 | |
| Reinforced Defenses | 1 | |
| Armor | 1 | |
| Melee Weapons | 1 | |
5 total
» buildings
| Altar of Storms | 1 | |
| Orc Burrow | 6 | |
| Barracks | 1 | |
| Voodoo Lounge | 1 | |
| Stronghold | 2 | |
| Beastiary | 1 | |
| Tauren Totem | 1 | |
| War Mill | 1 | |
14 total
» build order
00:08 Altar of Storms
00:18 Orc Burrow
00:28 Barracks
01:28 Voodoo Lounge
01:54 Orc Burrow
03:20 Stronghold
03:20 Stronghold
04:41 Orc Burrow
05:44 Beastiary
05:51 Tauren Totem
07:22 Orc Burrow
07:53 War Mill
11:02 Orc Burrow
11:03 Orc Burrow
» items
| Circlet of Nobility | 2 | |
| Boots of Speed | 1 | |
| Healing Salve | 5 | |
| Lesser Clarity Potion | 8 | |
| Scroll of Speed | 2 | |
18 total
Chat log
(15:46 / All) IIIuminati: gg wp